 Dungeon Crawl Stone Soup version 0.26-a0-964-g69f9a3b9e2 (webtiles) character file.

Game seed: 14889662339564538232

31511 Grenfur the Severer (level 13, 0/122 HPs)
             Began as a Minotaur Berserker on Dec 3, 2020.
             Was a High Priest of Trog.
             Slain by ardl's ghost (35 damage)
             ... on level 5 of the Lair of Beasts.
             The game lasted 00:41:17 (16475 turns).

Grenfur the Severer (Minotaur Berserker)           Turns: 16475, Time: 00:41:18

Health: 0/122      AC: 26    Str: 31    XL:     13   Next: 26%
Magic:  12/12      EV: 14    Int:  6    God:    Trog [*****.]
Gold:   1114       SH:  0    Dex: 15    Spells: 12/12 levels left

rFire    . . .     SeeInvis +   W - +3 executioner's axe
rCold    . . .     Faith    .   (shield currently unavailable)
rNeg     . . .     Spirit   .   s - +1 plate armour {rPois}
rPois    +         Reflect  .   y - +3 crown of Dyrovepreva {rElec Int+2 SInv}
rElec    +         Harm     .   J - scarf {repulsion}
rCorr    .         Rampage  .   N - +1 pair of gloves {Str+3}
MR       .....                  L - +2 pair of boots {run}
Stlth    ..........             v - amulet of the acrobat
HPRegen  0.30/turn              w - +6 ring of dexterity
MPRegen  0.13/turn              i - +4 ring of slaying

@: berserk cooldown, slowed, repel missiles, very slow
A: retaliatory headbutt, horns 2
a: Berserk, Trog's Hand, Brothers in Arms, Renounce Religion


You were on level 5 of the Lair of Beasts.
You worshipped Trog.
Trog was extremely pleased with you.
You visited 2 branches of the dungeon, and saw 16 of its levels.
You also visited: Sewer.

You collected 1114 gold pieces.

Inventory:

Hand Weapons
 z - the +8 hand axe of Rubbish {venom, Str+4}
   (You found it on level 5 of the Dungeon)

   It poisons the flesh of those it strikes.
   It affects your strength (+4).
 T - a +2 battleaxe of freezing
 W - a +3 executioner's axe (weapon)
Armour
 o - a +0 cloak
 s - a +1 plate armour of poison resistance (worn)
 y - the +3 crown of Dyrovepreva (worn) {rElec Int+2 SInv}
   (You found it on level 2 of the Lair of Beasts)

   It affects your intelligence (+2).
   It insulates you from electricity.
   It lets you see invisible.
 J - a scarf of repulsion (worn)
 L - a +2 pair of boots of running (worn)
 N - a +1 pair of gloves of strength (worn)
Jewellery
 i - a +4 ring of slaying (right hand)
 v - an amulet of the acrobat (around neck)
 w - a +6 ring of dexterity (left hand)
 E - an uncursed ring of protection from cold
 O - an uncursed ring of resist corrosion
Wands
 b - a wand of enslavement (17)
 p - a wand of flame (35)
 u - a wand of digging (14)
 x - a wand of random effects (33)
 B - a wand of iceblast (1)
 F - a wand of polymorph (11)
Scrolls
 c - 2 scrolls of brand weapon
 d - 5 scrolls of fog
 e - 4 scrolls of fear
 g - 4 scrolls of remove curse
 h - 4 scrolls of immolation
 j - 2 scrolls of identify
 l - 3 scrolls of teleportation
 n - a scroll of magic mapping
 r - 4 scrolls of blinking
 t - 2 scrolls of enchant weapon
 C - 2 scrolls of enchant armour
Potions
 a - a potion of flight
 f - 3 potions of heal wounds
 k - a potion of might
 m - a potion of lignification
 q - 2 potions of mutation
 A - 7 potions of curing
 G - a potion of berserk rage {unknown}
 I - a potion of invisibility {unknown}
 S - 2 potions of magic
 U - a potion of ambrosia {unknown}
 V - a potion of brilliance {unknown}
Miscellaneous
 D - a lightning rod (4/4)
 M - a phial of floods
 P - a phantom mirror (inert)
 Q - a phantom mirror (inert)
 R - a phial of floods


   Skills:
 + Level 13.2 Fighting
 * Level 15.3 Axes
 + Level 13.0 Armour
 - Level 10.0 Dodging
 + Level 5.2 Evocations


You had 12 spell levels left.
You didn't know any spells.
Your spell library was empty.

Dungeon Overview and Level Annotations

Branches:
Dungeon (11/15)            Temple (0/1) D:4            Lair (5/6) D:8
 Shoals (0/4) Lair:3       Spider (0/4) Lair:3          Orc (0/2) D:9
  Sewer (visited)
  Slime: Lair:5-6

Altars:
Ashenzari
Dithmenos
Elyvilon
Kikubaaqudgha
Makhleb
Okawaru
Qazlal
Uskayaw
Yredelemnul

Shops:
D:9 (

Annotations:
Lair:5 1 transporter, ardl's ghost, journeyman TrTm


Innate Abilities, Weirdness & Mutations

You reflexively headbutt those who attack you in melee.
You have a pair of horns on your head.


Message History

* * * LOW HITPOINT WARNING * * *
Ardl's ghost hits you but does no damage.
You slice ardl's ghost!!
You headbutt ardl's ghost, but do no damage.
Ardl's ghost is severely damaged.
Ardl's ghost hits you!
* * * LOW HITPOINT WARNING * * *
Ardl's ghost barely misses you. You furiously retaliate!
You headbutt ardl's ghost, but do no damage.
You feel much better. Ardl's ghost hits you!
* * * LOW HITPOINT WARNING * * *
Ardl's ghost hits you but does no damage.
You feel much better. Ardl's ghost hits you!
* * * LOW HITPOINT WARNING * * *
You slash ardl's ghost!
Ardl's ghost is severely damaged.
Ardl's ghost hits you.
* * * LOW HITPOINT WARNING * * *
Ardl's ghost hits you!!
You die...

......P.........###.....###
...............P...##...#.#
.............©......#....#
.........#########.......#
#.#P...##8.??}?8##..#...#
##...#.........#..P...##
#...#.##...##.#.......# #
##...#.##...##.#.P....#####
#.##....#....@....#.......#P.#
........#.##††W##.#...........
........#.##...##.#...........
........#........©#........P..
##......##8.....8##.....†#P...
###.....#########..##.†.# P#.
#...P......©.....###...# #
P.....##.......P.##.#...##
......#.<..).....# ##...##


You could see ardl's ghost.

Vanquished Creatures
  Harold (D:9)
  A hydra (Lair:2)
  A two-headed ogre (D:11)
  2 death yaks
  An unseen horror (D:11)
  An oklob plant (Lair:2)
  A manticore (Lair:3)
  Joseph (D:8)
  3 torpor snails
  A centaur zombie (D:10)
  6 black mambas
  12 cane toads
  2 efreet (D:9)
  A centaur skeleton (D:10)
  5 komodo dragons
  2 trolls
  2 polar bears
  A hornet (D:10)
  Grinder (D:3)
  28 blink frogs
  A wind drake (Lair:3)
  A shadow (D:11)
  A redback (Lair:3)
  17 yaks
  Eustachio (D:6)
  A wyvern (Lair:2)
  A basilisk (Lair:3)
  Menkaure (D:6)
  3 water moccasins
  An ice beast (D:10)
  2 sky beasts
  2 black bears
  An eye of draining (D:6)
  A hornet zombie (D:8)
  8 orc warriors
  2 phantoms
  6 ogres
  6 centaurs
  3 wolves (Lair:1)
  2 big kobolds
  18 bullfrogs
  4 scorpions
  8 killer bees
  11 wights
  2 howler monkeys
  An electric eel (Lair:2)
  2 bullfrog zombies (D:5)
  A quasit (D:7)
  13 hounds
  3 orc priests
  4 iguanas
  13 orc wizards
  9 worker ants
  6 hell rats (Lair:4)
  A killer bee zombie (D:7)
  A hound zombie (D:8)
  2 hound skeletons
  A worker ant zombie (D:10)
  4 gnolls
  15 adders
  A shadow imp (D:6)
  2 white imps
  3 ufetubi
  2 oozes
  An adder zombie (D:8)
  4 adder skeletons
  3 worms
  2 dart slugs (D:3)
  12 leopard geckos
  39 orcs
  2 ball pythons
  12 giant cockroaches
  9 goblins
  8 hobgoblins
  8 jackals
  8 quokkas
  7 bats
  9 frilled lizards
  8 kobolds
  A leopard gecko skeleton (D:5)
  A quokka zombie (D:5)
  10 rats
405 creatures vanquished.

Vanquished Creatures (collateral kills)
  2 hydras
2 creatures vanquished.

Vanquished Creatures (others)
  17 fungi
  15 plants
32 creatures vanquished.

Grand Total: 439 creatures vanquished

Notes
Turn   | Place    | Note
-------+----------+-------------------------------------------
     0 | D:1      | Grenfur the Minotaur Berserker began the quest for the Orb.
     0 | D:1      | Reached XP level 1. HP: 19/19 MP: 0/0
   107 | D:1      | Reached XP level 2. HP: 3/27 MP: 1/1
   574 | D:1      | Reached skill level 4 in Axes
   640 | D:1      | Reached XP level 3. HP: 32/33 MP: 2/2
  1012 | D:2      | Reached XP level 4. HP: 28/40 MP: 3/3
  1361 | D:2      | Reached ** piety under Trog
  1651 | D:2      | Found a burning altar of Makhleb.
  2136 | D:3      | Found a glowing drain.
  2162 | Sewer    | Entered a sewer
  2298 | Sewer    | Reached XP level 5. HP: 42/47 MP: 4/4
  2506 | Sewer    | Reached skill level 5 in Fighting
  2506 | Sewer    | Reached skill level 5 in Axes
  2506 | Sewer    | Reached XP level 6. HP: 38/56 MP: 5/5
  3169 | D:3      | Reached *** piety under Trog
  3474 | D:3      | Noticed Grinder
  3480 | D:3      | Killed Grinder
  3481 | D:3      | Reached skill level 5 in Armour
  3481 | D:3      | Reached XP level 7. HP: 62/62 MP: 6/6
  4252 | D:4      | Found a staircase to the Ecumenical Temple.
  4532 | D:5      | Entered Level 5 of the Dungeon
  4555 | D:5      | Reached skill level 6 in Axes
  4555 | D:5      | Reached skill level 5 in Dodging
  4914 | D:5      | Got an ancient hand axe
  5095 | D:5      | Found an iron altar of Okawaru.
  5311 | D:5      | Reached XP level 8. HP: 71/71 MP: 7/7
  5921 | D:5      | Identified the +8 hand axe of Rubbish {venom, Str+4} (You
                  | found it on level 5 of the Dungeon)
  6096 | D:6      | Reached skill level 7 in Axes
  6098 | D:6      | Reached **** piety under Trog
  6207 | D:6      | Found an iron altar of Okawaru.
  6265 | D:6      | Noticed Menkaure
  6268 | D:6      | Killed Menkaure
  6373 | D:6      | Found a basalt altar of Yredelemnul.
  6489 | D:6      | Reached XP level 9. HP: 70/81 MP: 8/8
  6540 | D:6      | Found an iron altar of Okawaru.
  6544 | D:6      | Found an ancient bone altar of Kikubaaqudgha.
  6545 | D:6      | Found a white marble altar of Elyvilon.
  6545 | D:6      | Found a stormy altar of Qazlal.
  6626 | D:6      | Noticed Eustachio
  6631 | D:6      | Killed Eustachio
  6632 | D:6      | Reached skill level 8 in Axes
  7037 | D:7      | Reached ***** piety under Trog
  7211 | D:7      | Reached skill level 9 in Axes
  7812 | D:8      | Found a hide-covered altar of Uskayaw.
  7962 | D:8      | Noticed Joseph
  8091 | D:8      | Killed Joseph
  8092 | D:8      | Reached XP level 10. HP: 82/91 MP: 9/9
  8281 | D:8      | Found a shadowy altar of Dithmenos.
  8342 | D:8      | Found a staircase to the Lair.
  8643 | D:9      | Found a broken altar of Ashenzari.
  8857 | D:9      | Found a runed translucent door.
  8861 | D:9      | Found a runed translucent door.
  8866 | D:9      | Found a staircase to the Orcish Mines.
  8876 | D:9      | Received a gift from Trog
  8894 | D:9      | Reached skill level 10 in Axes
  9007 | D:9      | Reached skill level 10 in Fighting
  9195 | D:9      | Reached skill level 10 in Armour
  9767 | D:9      | Noticed Harold
  9768 | D:9      | Found Bothogerch's Weapon Boutique.
  9775 | D:9      | Killed Harold
  9968 | D:9      | Identified a +2 pair of boots of running (You found it on
                  | level 9 of the Dungeon)
 10068 | D:10     | Entered Level 10 of the Dungeon
 10134 | D:10     | Reached XP level 11. HP: 88/101 MP: 10/10
 10219 | D:10     | Reached skill level 11 in Axes
 10744 | D:10     | Reached skill level 10 in Dodging
 11208 | D:11     | Noticed a two-headed ogre
 11213 | D:11     | Killed a two-headed ogre
 11290 | D:11     | Killed an unseen horror
 11291 | D:11     | Reached skill level 12 in Axes
 11640 | D:11     | Found a shadowy altar of Dithmenos.
 11888 | Lair:1   | Entered Level 1 of the Lair of Beasts
 11899 | Lair:1   | Noticed an eight-headed hydra
 11908 | Lair:1   | Killed an eight-headed hydra
 12664 | Lair:1   | Reached skill level 1 in Evocations
 12919 | Lair:2   | Received a gift from Trog
 13124 | Lair:2   | Reached skill level 13 in Axes
 13127 | Lair:2   | Reached XP level 12. HP: 77/112 MP: 11/11
 13399 | Lair:2   | Noticed a five-headed hydra
 13406 | Lair:2   | Killed a five-headed hydra
 13583 | Lair:2   | Found the +3 crown of Dyrovepreva {rElec Int+2 SInv}
 14561 | Lair:3   | Noticed a death yak
 14572 | Lair:3   | Killed a death yak
 14685 | Lair:3   | Found a hole to the Spider Nest.
 14778 | Lair:3   | Found a staircase to the Shoals.
 15156 | Lair:4   | Reached skill level 14 in Axes
 15389 | Lair:4   | Noticed a death yak
 15398 | Lair:4   | Killed a death yak
 15573 | Lair:4   | Reached XP level 13. HP: 107/119 MP: 12/12
 15573 | Lair:4   | Received a gift from Trog
 15743 | Lair:4   | Reached skill level 15 in Axes
 15919 | Lair:4   | Reached skill level 5 in Evocations
 16363 | Lair:5   | Found a transporter.
 16370 | Lair:5   | Found a transporter.
 16370 | Lair:5   | Noticed ardl's ghost (journeyman TrTm)
 16475 | Lair:5   | Slain by ardl's ghost

Illustrated notes

Levels and vault maps discovered:
D:1:      dpeg_arrival_stonehenge_8_columns, layout_basic,
          minmay_three_crescents
D:2:      layout_basic, lemuel_crystal_altar
D:3:      layout_basic, portal_sewer_entry_f, uniq_grinder
D:4:      layout_rooms, minmay_temple_entry_sparse_star
D:5:      layout_gridville, okawaru_ov_weapons_minmay
D:6:      layout_loops_ring, lemuel_doored_altar, minitemple, basic_altar,
          uniq_eustachio, uniq_menkaure
D:7:      layout_basic, minmay_fractal_squares_5
D:8:      layout_basic, kennysheep_little_box,
          grunt_dithmenos_smoke_and_mirrors, grunt_lair_entry_orc_guard_hut,
          minmay_sticks_and_stones, uniq_joseph
D:9:      minmay_the_grid_triangle_9x9_recursive_2
          [minmay_the_grid_triangle_9x9_prize_schism,
          minmay_the_grid_triangle_9x9_corruption,
          minmay_the_grid_triangle_9x9_tough_junction,
          minmay_the_grid_triangle_9x9_zippers_horizontal], layout_layer_cave,
          lemuel_crystal_altar, orc_0_dummy, serial_shops, shop, uniq_harold
D:10:     layout_loops_corners, kennysheep_kite_vault
D:11:     wander_river, layout_stronghold, basic_altar
Lair:1:   layout_loops_ring
Lair:2:   layout_chaotic_city, st_stairs_5, minmay_lair_oklob_chamber,
          serial_bayou_shore_a
Lair:3:   layout_concentric_octagons, minmay_shoals_entry_beasts,
          spider_nest_entry_a, grunt_forest_small_clearings,
          nicolae_quartered_pool_medium, st_stairs_6
Lair:4:   layout_loops_ring, grunt_megastairs_4
Lair:5:   layout_hall_layers, gammafunk_ghost_arena, grunt_megastairs_1,
          uniq_urug

Skill      XL: |  1  2  3  4  5  6  7  8  9 10 11 12 13 |
---------------+----------------------------------------+-----
Fighting       | 4 5 6 7 9 10 11 12 13 | 13.2
Axes           | 4 5 6 7 9 10 13 14 15 | 15.3
Armour         | 3 4 5 7 9 10 11 12 13 | 13.0
Dodging        | 3 4 5 6 8 9 10 | 10.0
Evocations     | 1 4 5 |  5.2

Action                   |  1- 3 |  4- 6 |  7- 9 | 10-12 | 13-15 || total
-------------------------+-------+-------+-------+-------+-------++-------
Melee: Hand axe          |    55 |   188 |   257 |   222 |       ||   722
       Headbutt          |     4 |    21 |    45 |   101 |    13 ||   184
       Battleaxe         |       |       |       |   153 |     8 ||   161
       Executioner's axe |       |       |       |       |    40 ||    40
Invok: Berserk           |       |     1 |       |     2 |     1 ||     4
       Brothers in Arms  |       |       |       |     1 |       ||     1
Evoke: Wand              |       |       |       |    12 |       ||    12
       Phantom mirror    |       |       |       |       |     1 ||     1
  Use: Scroll            |       |       |     8 |    13 |     2 ||    23
       Potion            |       |       |       |       |     2 ||     2
Armor: Scale mail        |     9 |    17 |       |       |       ||    26
       Animal skin       |     4 |       |       |       |       ||     4
       Plate armour      |       |   120 |   103 |   182 |    30 ||   435
Dodge: Dodged            |    35 |    97 |   114 |   223 |    46 ||   515
       Repelled          |       |       |       |     2 |       ||     2

Table legend: (Time is in decaauts)
 A = Elapsed time spent in this place.
 B = Non-inter-level travel time spent in this place.
 C = Inter-level travel time spent in this place.
 D = Time resting spent in this place.
 E = Time spent auto-exploring this place.
 F = Levels seen in this place.
 G = Mean time per level.
                   A        B        C        D        E       F      G
               +--------+--------+--------+--------+--------+-----+--------+
         Total |  16238 |  15829 |    409 |   4168 |   8428 |  17 |  955.2 |
       Dungeon |  10931 |  10618 |    313 |   2350 |   6147 |  11 |  993.7 |
          Lair |   4357 |   4261 |     96 |   1625 |   2052 |   5 |  871.4 |
         Sewer |    949 |    949 |      0 |    193 |    228 |   1 |  949.0 |
               +--------+--------+--------+--------+--------+-----+--------+

Top non-repeatable levels by time:
     D:9: 1655 daAuts
     D:5: 1479 daAuts
  Lair:2: 1291 daAuts
     D:3: 1200 daAuts
  Lair:4: 1117 daAuts
     D:2: 1099 daAuts
     D:1: 996 daAuts
     D:7: 985 daAuts
   Sewer: 949 daAuts
  Lair:1: 923 daAuts
    D:10: 906 daAuts
  Lair:3: 861 daAuts
     D:6: 768 daAuts
    D:11: 718 daAuts
     D:8: 649 daAuts
